 Dungeon Crawl Stone Soup version 0.27.1-4-g1640c2035a (webtiles) character file.

Game seed: 1208191664919533986

244522 McKennaii the Impaler (level 19, -2/159 HPs)
             Began as a Demonspawn Fighter on Nov 15, 2021.
             Was the Champion of Makhleb.
             Succumbed to a fenstrider witch's toxic sludge
             ... while paralysed by a fenstrider witch
             ... on level 4 of the Swamp.
             The game lasted 01:36:38 (33036 turns).

McKennaii the Impaler (Demonspawn Fighter)         Turns: 33036, Time: 01:36:38

Health: -2/159     AC: 30    Str: 32    XL:     19   Next: 15%
Magic:  28/28      EV:  2    Int: 13    God:    Makhleb [******]
Gold:   1560       SH:  0    Dex: 28    Spells: 18/18 levels left

rFire    + . .     SeeInvis +   Y - +9 demon trident (vamp)
rCold    + + .     Faith    +   M - +0 kite shield {rC+}
rNeg     . . .     Spirit   .   y - +0 plate armour {rF+}
rPois    .         Reflect  .   H - +2 helmet {SInv}
rElec    .         Harm     .   E - +2 cloak
rCorr    +         Rampage  .   (gloves unavailable)
Will     +....                  N - +1 pair of boots {Fly}
Stlth    +.........             W - amulet of Cyiz {Faith Regen+ Str+5 Int+3}
HPRegen  1.36/turn              J - ring "Cod Palo" {rC+ Dex+8}
MPRegen  0.21/turn              r - +6 ring of strength

@: paralysed, lethally poisoned (-2 -> -59), flying, studying Dodging
A: claws 3, yellow scales 3, powered by pain 1, spiny 2, augmentation 1, talons
1, large bone plates 1, thin skeletal structure 2, inability to read while
threatened
}: 1/15 runes: gossamer
a: Renounce Religion, Minor Destruction, Lesser Servant of Makhleb, Major
Destruction, Greater Servant of Makhleb


You were on level 4 of the Swamp.
You worshipped Makhleb.
Makhleb was exalted by your worship.
You visited 8 branches of the dungeon, and saw 34 of its levels.
You visited the Abyss 1 time.
You also visited: Bailey and Gauntlet.

You collected 4075 gold pieces.
You spent 2515 gold pieces at shops.

Inventory:

Hand Weapons
 S - the +6 long sword of Purpose {antimagic, rPois}
   (You found it on level 12 of the Dungeon)

   It reduces the magical energy of the wielder, and disrupts the spells and
   magical abilities of those it strikes.
   Natural abilities and divine invocations are not affected.
   rPois:     It protects you from poison.
 T - a +0 antimagic demon blade
 Y - a +9 vampiric demon trident (weapon)
Missiles
 v - 4 throwing nets (quivered)
Armour
 y - a +0 plate armour of fire resistance (worn)
 E - a +2 cloak (worn)
 H - a +2 helmet of see invisible (worn)
 M - a +0 kite shield of cold resistance (worn)
 N - a +1 pair of boots of flying (worn)
 Z - a +0 cloak of stealth
Jewellery
 r - a +6 ring of strength (right claw)
 C - the ring of the Hare {EV+8}
   (You found it on level 7 of the Dungeon)

   [ring of evasion]

   EV:        It affects your evasion (+8).
 J - the ring "Cod Palo" (left claw) {rC+ Dex+8}
   (You took it off a centaur warrior on level 8 of the Dungeon)

   [ring of protection from cold]

   Dex:       It affects your dexterity (+8).
   rC:        It protects you from cold.
 P - a ring of fire
 V - the ring of Ratwab Fius {Fly rC+ Dex+4}
   (You found it in a Gauntlet)

   [ring of flight]

   Dex:       It affects your dexterity (+4).
   rC:        It protects you from cold.
   Fly:       It grants you flight.
 W - the amulet of Cyiz (around neck) {Faith Regen+ Str+5 Int+3}
   (You found it in a Gauntlet)

   [amulet of faith]

   It allows you to gain divine favour quickly.
   Str:       It affects your strength (+5).
   Int:       It affects your intelligence (+3).
   Regen:     It increases your rate of health regeneration.
 X - a +6 ring of dexterity
Wands
 c - a wand of mindburst (27)
 m - a wand of paralysis (26)
 p - a wand of charming (17)
 A - a wand of flame (77)
 B - a wand of polymorph (14)
 D - a wand of acid (36)
 G - a wand of iceblast (24)
 K - a wand of digging (9)
Scrolls
 b - a scroll of summoning
 f - 20 scrolls of teleportation
 g - 5 scrolls of identify
 j - 3 scrolls of enchant weapon
 k - a scroll of silence
 l - 3 scrolls of fear
 o - 4 scrolls of blinking
 s - 2 scrolls of fog
 t - 3 scrolls of amnesia
 x - 4 scrolls of enchant armour
 z - 3 scrolls of brand weapon
 F - 8 scrolls of immolation
 L - 6 scrolls of magic mapping
Potions
 a - a potion of brilliance
 d - 3 potions of might
 e - 6 potions of mutation
 h - 5 potions of flight
 i - 5 potions of curing
 n - 4 potions of cancellation
 q - 2 potions of magic
 u - 3 potions of resistance
 w - 9 potions of ambrosia
 I - 2 potions of haste
 O - a potion of attraction
 Q - 7 potions of lignification
 R - 3 potions of heal wounds
 U - 3 potions of invisibility


   Skills:
 * Level 16.5 Fighting
 * Level 17.6 Polearms
 * Level 13.6 Armour
 + Level 5.8 Dodging
 + Level 3.9 Stealth
 + Level 12.5 Shields
 * Level 12.5 Invocations
 + Level 1.9 Evocations


You had 18 spell levels left.
You didn't know any spells.
Your spell library contained the following spells:

 Spells                   Type           Power      Damage    Failure   Level
 Magic Dart               Conj           0%         1d3       92%         1
 Sandblast                Erth           0%         2d4       92%         1
 Blink                    Tloc           N/A        N/A       98%         2
 Call Imp                 Summ           0%         N/A       98%         2
 Corpse Rot               Necr/Air       N/A        N/A       98%         2
 Passwall                 Tmut/Erth      0%         N/A       98%         2
 Poisonous Vapours        Pois/Air       0%         N/A       98%         2
 Sublimation of Blood     Necr           0%         N/A       98%         2
 Wereblood                Tmut           0%         N/A       98%         2
 Frozen Ramparts          Ice            0%         1d2       100%        3
 Inner Flame              Hex/Fire       0%         N/A       100%        3
 Lesser Beckoning         Tloc           0%         N/A       100%        3
 Mephitic Cloud           Conj/Pois/Air  0%         N/A       100%        3
 Animate Armour           Summ/Erth      0%         N/A       100%        4
 Cause Fear               Hex            0%         N/A       100%        4
 Ice Form                 Ice/Tmut       0%         N/A       100%        4
 Leda's Liquefaction      Hex/Erth       0%         N/A       100%        4
 Passage of Golubria      Tloc           N/A        N/A       100%        4
 Summon Ice Beast         Ice/Summ       0%         N/A       100%        4
 Blade Hands              Tmut           0%         N/A       100%        5
 Bolt of Magma            Conj/Fire/Erth 0%         4d4       100%        5
 Freezing Cloud           Conj/Ice/Air   0%         6-21      100%        5
 Lee's Rapid Deconstruct  Erth           0%         3d5*      100%        5
 Manifold Assault         Tloc           0%         N/A       100%        5
 Silence                  Hex/Air        0%         N/A       100%        5
 Iron Shot                Conj/Erth      0%         9d1       100%        6
 Statue Form              Tmut/Erth      0%         N/A       100%        6
 Summon Hydra             Summ           0%         N/A       100%        7
 Discord                  Hex            0%         N/A       100%        8
 Lehudib's Crystal Spear  Conj/Erth      0%         10d2      100%        8


Dungeon Overview and Level Annotations

Branches:
Dungeon (15/15)            Temple (1/1) D:7            Lair (6/6) D:11
  Swamp (4/4) Lair:3       Spider (4/4) Lair:4        Slime (1/5) Lair:5
    Orc (2/2) D:11            Elf (1/3) Orc:2        Vaults (0/5) D:14
 Depths (0/5) D:15         Bailey (visited)         Gauntlet (visited)

Altars:
Ashenzari
Cheibriados
Dithmenos
Elyvilon
Fedhas
Gozag
Hepliaklqana
Kikubaaqudgha
Makhleb
Nemelex Xobeh
Okawaru
Qazlal
Ru
Sif Muna
Trog
Uskayaw
Vehumet
Wu Jian
Xom
Yredelemnul
Zin
The Shining One
Jiyva

Shops:
D:1 ?   D:15 *   Orc:1 [=   Orc:2 (([?

Portals:
Trove: D:10 (give 8 potions of haste)


Innate Abilities, Weirdness & Mutations

You have claws for hands.
You are completely covered in yellow scales. (AC +4, rCorr)
You sometimes gain a little power by taking damage.
You are mostly covered in sharp spines.
Your magical and physical power is slightly enhanced at high health.
You have sharp toenails.
You are partially covered in large bone plates. (SH +4)
You have a moderately thin skeletal structure. (Dex +4, Stealth++)
You sometimes lose the ability to read scrolls when taking damage.


Message History

The death drake is almost dead.
You are engulfed in dark miasma.
You are more poisoned.
You feel extremely sick. You block the death drake's attack.
You impale the death drake!!
You feel better.
You kill the death drake!
Makhleb accepts your kill.
You feel better.
You are engulfed in dark miasma.
You are more poisoned.
You feel extremely sick.
You reach to attack!
You puncture the fenstrider witch!
The fenstrider witch is lightly wounded.
You are engulfed in dark miasma.
You are more poisoned.
You feel extremely sick.
The fenstrider witch points at you and mumbles some strange words.
You suddenly lose the ability to move!
You are engulfed in dark miasma.
You are lethally poisoned!
You feel extremely sick.
You feel extremely sick.
The fenstrider witch gestures at you while chanting.
The toxic sludge hits you.
You are more poisoned.
* * * LOW HITPOINT WARNING * * *
The hellwing swoops through the air toward you!
The hellwing hits you.
* * * LOW HITPOINT WARNING * * *
The hellwing hits you but does no damage.
The fenstrider witch casts a spell at you.
You resist with significant effort.
* * * LOW HITPOINT WARNING * * *
You feel extremely sick.
The fenstrider witch is struck by your spines.
The fenstrider witch hits you but does no damage.
The fenstrider witch kicks you!
* * * LOW HITPOINT WARNING * * *
The hellwing is struck by your spines.
The hellwing hits you but does no damage. x2
You die...

#### ##≈≈.♣ ♣♣♣♣♣
###♣≈≈≈♣♣ ♣≈≈≈.
##§≈§.4≈≈♣ ♣♣≈≈≈≈♣♣
##.##H@)≈≈♣ ♣≈≈≈≈≈.♣
#.≈#)##♣≈.♣
♣≈≈≈≈.♣♣#♣.≈.#.# ≈♣
.♣.≈≈≈[.##≈..≈#34# .♣
...≈≈≈§.#♣≈§≈≈##..# #
..≈≈≈.<.#.≈≈≈≈♣#≈≈≈♣
..≈≈≈..#)..^≈≈≈##♣≈2.
≈≈≈≈≈≈≈#≈.≈♣≈≈..#
≈4≈§
≈≈≈≈≈≈≈#≈≈≈.≈≈≈## ≈.k


You could see a fenstrider witch and a hellwing.

Vanquished Creatures
  Mara (Spider:3)
  A bone dragon (Abyss:3)
  A tentacled monstrosity (Swamp:4)
  Jorgrun (D:13)
  Donald (Swamp:3)
  A tentacled starspawn (Abyss:3)
  Roxanne (Spider:3)
  The ghost of Sopaderocas the Severer, a journeyman HOMo of Qazlal (Spider:1)
  2 deep elf sorcerers (Elf:1)
  A fenstrider witch (Swamp:4)
  An orc warlord (Bailey)
  Aizul (Spider:3)
  7 emperor scorpions
  2 ghost moths (Spider:4)
  A reaper (Swamp:4)
  A minotaur (Gauntlet)
  4 dire elephants
  4 bunyips
  2 spark wasps
  4 entropy weavers
  An eleionoma (Swamp:2)
  A shambling mangrove (Swamp:2)
  Josephine (Orc:1)
  A vault guard (D:10)
  13 hydras
  A rakshasa (Abyss:3)
  The ghost of Nuatha the Covert, a journeyman DsGl of Gozag (D:11)
  A boulder beetle (shapeshifter) (D:15)
  6 boulder beetles
  A catoblepas (D:8)
  Erica (D:9)
  5 centaur warriors
  7 alligators
  An ogre mage (D:14)
  5 two-headed ogres
  3 dancing weapons (Elf:1)
  A hell hog (Abyss:3)
  5 orc high priests (Orc:2)
  A tengu warrior (Gauntlet)
  Urug (D:13)
  A spriggan berserker (Swamp:4)
  A spectral dire elephant (Lair:6)
  4 hell knights (Abyss:3)
  5 spriggans
  2 sixfirhies
  2 deep elf knights (Elf:1)
  3 spectral death yaks (Lair:6)
  A death drake (Swamp:4)
  2 goliath frogs (Swamp:2)
  A spectral anaconda (Lair:6)
  2 swamp dragons
  2 spriggan druids
  An obsidian statue (Lair:6)
  A glowing orange brain (Abyss:3)
  3 bog bodies
  2 wizards
  6 deep elf archers (Elf:1)
  16 deep elf pyromancers
  9 orc knights
  11 orb spiders
  10 deep elf zephyrmancers
  4 manticores
  7 necromancers
  2 oklob plants (Lair:3)
  2 orc sorcerers
  21 wolf spiders
  7 cyclopes
  6 ugly things
  2 moths of wrath
  4 will-o-the-wisps
  Maurice (D:8)
  2 black mambas
  7 elephants
  4 molten gargoyles (D:11)
  20 cane toads
  2 gargoyles (D:14)
  An orange demon (Swamp:4)
  A smoke demon (Abyss:3)
  2 torpor snails
  An unseen horror (Abyss:3)
  2 kobold demonologists
  5 rime drakes
  Psyche (D:9)
  8 demonic crawlers
  15 komodo dragons
  2 tengu conjurers (Gauntlet)
  An efreet (D:15)
  A queen bee (Lair:1)
  4 meliai
  25 jumping spiders
  4 large abominations (Abyss:3)
  13 hornets
  8 trolls
  5 tyrant leeches
  5 polar bears
  7 blink frogs
  Grinder (D:6)
  Prince Ribbit (D:6)
  A raiju (Abyss:3)
  13 slime creatures
  62 redbacks
  A flying skull (Abyss:3)
  4 shadows
  A centaur simulacrum (D:15)
  8 wraiths
  34 yaks
  A tarantella (shapeshifter) (D:8)
  17 tarantellas
  An air elemental (Elf:1)
  A vampire (D:8)
  A ynoxinul (Abyss:3)
  6 basilisks
  4 wyverns
  A dire elephant simulacrum (Lair:6)
  A fire bat (Abyss:3)
  A fire elemental (D:11)
  4 steam dragons
  9 vampire mosquitoes
  Eustachio (D:3)
  A death yak simulacrum (Lair:6)
  A chaos spawn (Swamp:4)
  Menkaure (D:7)
  4 spectral cane toads (Lair:6)
  A two-headed ogre zombie (D:11)
  3 acid dragons
  A merfolk zombie (Abyss:3)
  13 water moccasins
  3 wargs (Orc:1)
  10 swamp worms
  26 orc warriors
  A sky beast (D:5)
  2 small abominations (Abyss:3)
  5 black bears
  2 swamp drakes
  10 starcursed masses (Abyss:3)
  3 elephant zombies (Lair:6)
  3 necrophages
  12 ogres
  19 wolves
  13 centaurs
  2 boggarts (Elf:1)
  2 phantoms
  An elephant skeleton (Lair:6)
  Blork the orc (D:6)
  3 kobold brigands
  11 bullfrogs
  A gnoll sergeant (D:10)
  3 scorpions
  2 cane toad simulacra (Lair:6)
  A water moccasin zombie (D:6)
  2 water moccasin skeletons
  36 killer bees
  2 elephant simulacra (Lair:6)
  4 howler monkeys
  6 wights
  9 electric eels
  A lava snake (D:11)
  A crimson imp (D:8)
  6 centaur zombies
  A hound (D:6)
  A jelly (D:5)
  2 centaur skeletons
  16 orc priests
  Crazy Yiuf (D:7)
  A bullfrog skeleton (D:6)
  Jessica (D:2)
  2 iguanas (D:7)
  11 orc wizards
  7 hell rats (Lair:3)
  2 killer bee zombies
  A scorpion zombie (D:5)
  7 ogre zombies (D:11)
  A hound skeleton (D:5)
  3 adders
  15 gnolls
  A howler monkey skeleton (D:7)
  A white imp (D:6)
  An ufetubus (D:6)
  3 worms
  4 dart slugs
  53 orcs
  9 ball pythons
  5 endoplasms
  A giant cockroach (D:4)
  12 goblins
  8 hobgoblins
  5 jackals
  6 quokkas
  5 bats
  A frilled lizard (D:2)
  3 goblin skeletons (D:11)
  4 goblin zombies (D:11)
  4 hobgoblin skeletons (D:11)
  A hobgoblin zombie (D:11)
  36 kobolds
  An orc skeleton (D:11)
  12 orc zombies (D:11)
  2 rats
  2 butterflies
  A starspawn tentacle (Abyss:3)
1037 creatures vanquished.

Vanquished Creatures (collateral kills)
  Nikola (Spider:4)
  Arachne (Spider:3)
  A ghost moth (Spider:4)
  An emperor scorpion (Spider:3)
  A ghoul (Swamp:4)
  A bunyip (Swamp:1)
  An ogre mage (Swamp:4)
  An alligator (Swamp:3)
  A wizard (Elf:1)
  A bog body (Swamp:1)
  4 orb spiders
  A deep elf pyromancer (Elf:1)
  3 wolf spiders
  3 jumping spiders
  A hornet (Swamp:2)
  6 tarantellas
  2 spriggans (Swamp:2)
  13 redbacks
  A neqoxec (Swamp:4)
  5 vampire mosquitoes
  A swamp worm (Swamp:1)
  An orc warrior (Orc:2)
  3 orc priests (Orc:2)
54 creatures vanquished.

Vanquished Creatures (others)
  A wolf spider (Spider:4)
  A bloated husk (Swamp:1)
  A spriggan (Swamp:1)
  2 orcs
  A kobold (D:8)
  4 demonic plants (Gauntlet)
  35 foxfires
  19 fungi
  41 plants
  7 starspawn tentacles (Abyss:3)
  15 withered plants
127 creatures vanquished.

Grand Total: 1218 creatures vanquished

Notes
Turn   | Place    | Note
-------+----------+-------------------------------------------
     0 | D:1      | McKennaii the Demonspawn Fighter began the quest for the
                  | Orb.
     0 | D:1      | Reached XP level 1. HP: 18/18 MP: 1/1
    36 | D:1      | Found Xulutz's Magic Scroll Emporium.
   177 | D:1      | Found a faded altar of an unknown god.
   190 | D:1      | Gained mutation: You have sharp fingernails. [demonic
                  | ancestry]
   190 | D:1      | Reached XP level 2. HP: 24/24 MP: 2/2
   343 | D:1      | Reached skill level 2 in Polearms
   907 | D:2      | Found an opulent altar of Gozag.
   912 | D:2      | Gained mutation: You are partially covered in yellow
                  | scales. (AC +2) [demonic ancestry]
   912 | D:2      | Reached XP level 3. HP: 28/29 MP: 3/3
  1488 | D:2      | Noticed Jessica
  1507 | D:2      | Killed Jessica
  1508 | D:2      | Reached XP level 4. HP: 35/37 MP: 4/4
  1564 | D:2      | Reached skill level 3 in Polearms
  2143 | D:3      | Found a shadowy altar of Dithmenos.
  2397 | D:4      | Noticed Eustachio
  3023 | D:3      | Killed Eustachio
  3024 | D:3      | Reached skill level 1 in Dodging
  3024 | D:3      | Gained mutation: You are mostly covered in yellow scales.
                  | (AC +3) [demonic ancestry]
  3024 | D:3      | Reached XP level 5. HP: 18/43 MP: 5/5
  3438 | D:4      | Found an opulent altar of Gozag.
  3474 | D:4      | Gained mutation: You have very sharp fingernails. [demonic
                  | ancestry]
  3474 | D:4      | Reached XP level 6. HP: 34/49 MP: 6/6
  3620 | D:4      | Reached skill level 4 in Polearms
  4489 | D:5      | Entered Level 5 of the Dungeon
  4489 | D:5      | Noticed a sky beast
  4505 | D:5      | Killed a sky beast
  4506 | D:5      | Reached skill level 5 in Polearms
  4506 | D:5      | Gained mutation: You are partially covered in sharp spines.
                  | [demonic ancestry]
  4506 | D:5      | Reached XP level 7. HP: 41/55 MP: 7/7
  4629 | D:5      | Found an ancient bone altar of Kikubaaqudgha.
  4805 | D:5      | Reached skill level 5 in Fighting
  5269 | D:5      | Noticed a steam dragon
  5276 | D:5      | Killed a steam dragon
  5277 | D:5      | Reached skill level 6 in Polearms
  5277 | D:5      | Reached XP level 8. HP: 62/62 MP: 8/8
  5692 | D:6      | Reached skill level 7 in Polearms
  6051 | D:6      | Noticed Grinder
  6053 | D:6      | Noticed Blork the orc
  6057 | D:6      | Killed Grinder
  6066 | D:6      | Killed Blork the orc
  6067 | D:6      | Reached skill level 5 in Armour
  6318 | D:6      | Reached skill level 8 in Polearms
  6318 | D:6      | Gained mutation: You are completely covered in yellow
                  | scales. (AC +4, rCorr) [demonic ancestry]
  6318 | D:6      | Reached XP level 9. HP: 69/69 MP: 9/9
  6373 | D:6      | Found a basalt altar of Yredelemnul.
  6488 | D:7      | Noticed Prince Ribbit
  6505 | D:6      | Killed Prince Ribbit
  6574 | D:7      | Found a radiant altar of Vehumet.
  6622 | D:7      | Found a sparkling altar of Nemelex Xobeh.
  6659 | D:7      | Found the ring of the Hare {EV+8}
  6775 | D:7      | Found a bloodstained altar of Trog.
  6799 | D:7      | Found a runed translucent door.
  6800 | D:7      | Noticed Crazy Yiuf
  6813 | D:7      | Killed Crazy Yiuf
  6849 | D:7      | Noticed Menkaure
  6858 | D:7      | Killed Menkaure
  6939 | D:7      | Reached skill level 9 in Polearms
  7017 | D:7      | Found a staircase to the Ecumenical Temple.
  7026 | Temple   | Entered the Ecumenical Temple
  7314 | D:7      | Found an ornate altar of the Wu Jian Council.
  7489 | D:8      | Noticed Maurice
  7515 | D:8      | Killed Maurice
  7887 | D:8      | Reached XP level 10. HP: 65/79 MP: 10/10
  7985 | D:8      | Reached skill level 10 in Polearms
  8073 | D:8      | Noticed a boulder beetle
  8073 | D:8      | Noticed a catoblepas
  8075 | D:8      | Noticed a deep elf pyromancer
  8076 | D:8      | Identified the ring "Cod Palo" {rC+ Dex+8}
  8076 | D:8      | Noticed a centaur warrior
  8079 | D:8      | Noticed a centaur warrior
  8082 | D:8      | Noticed a two-headed ogre
  8086 | D:8      | Killed a catoblepas
  8107 | D:8      | Reached skill level 1 in Stealth
  8110 | D:8      | Reached skill level 5 in Shields
  8228 | D:8      | Gained mutation: You are agile. (Dex +2) [potion of
                  | mutation]
  8228 | D:8      | Gained mutation: You have a somewhat thin skeletal
                  | structure. (Dex +2, Stealth+) [potion of mutation]
  8228 | D:8      | Gained mutation: You sometimes lose the ability to read
                  | scrolls when taking damage. [potion of mutation]
  8230 | D:8      | Killed a centaur warrior
  8231 | D:8      | Reached skill level 11 in Polearms
  8235 | D:8      | Killed a centaur warrior
  8458 | D:8      | Found a sacrificial altar of Ru.
  8515 | D:8      | Found a burning altar of Makhleb.
  8529 | D:8      | Became a worshipper of Makhleb the Destroyer
  8782 | D:8      | Gained mutation: You sometimes gain a little power by
                  | taking damage. [demonic ancestry]
  8782 | D:8      | Reached XP level 11. HP: 41/86 MP: 11/11
  8878 | D:8      | Killed a two-headed ogre
  8904 | D:8      | Killed a deep elf pyromancer
  9363 | D:8      | Killed a boulder beetle
  9618 | D:9      | Noticed Psyche
  9623 | D:9      | Killed Psyche
  9641 | D:9      | Noticed Erica
  9665 | D:9      | Killed Erica
  9666 | D:9      | Reached skill level 1 in Evocations
 10070 | D:9      | Identified the +5 mace "Uschuvoag" {flame, Str+4}
 10094 | D:10     | Entered Level 10 of the Dungeon
 10113 | D:10     | Reached skill level 12 in Polearms
 10140 | D:10     | Reached * piety under Makhleb
 10553 | D:10     | Noticed a vault guard
 10566 | D:10     | Killed a vault guard
 10581 | D:10     | Found a portal to a secret trove of treasure.
 10713 | D:10     | Found a hazy altar of Hepliaklqana.
 11034 | D:11     | Found a flagged portal.
 11051 | Bailey   | Entered a bailey
 11056 | Bailey   | Noticed an orc warlord
 11073 | Bailey   | Reached ** piety under Makhleb
 11152 | Bailey   | Found a runed translucent gate.
 11154 | Bailey   | Found a runed translucent gate.
 11155 | Bailey   | Found a runed translucent gate.
 11267 | Bailey   | Killed an orc warlord
 11268 | Bailey   | Reached XP level 12. HP: 94/94 MP: 12/12
 11303 | Bailey   | Identified the +9 mace "Ylopsuc" {holy, *Rage Int+3 Stlth+}
 11393 | D:11     | Found a runed translucent door.
 11393 | D:11     | Noticed a centaur warrior
 11519 | D:11     | Reached *** piety under Makhleb
 11591 | D:11     | Found a staircase to the Orcish Mines.
 11937 | D:11     | Reached skill level 13 in Polearms
 11967 | D:11     | Noticed a boulder beetle
 11986 | D:11     | Killed a boulder beetle
 12063 | D:11     | Found a staircase to the Lair.
 12108 | D:11     | Noticed Nuatha's ghost (journeyman DsGl)
 12268 | D:12     | Identified the +6 long sword of Purpose {antimagic, rPois}
 12353 | D:12     | Reached **** piety under Makhleb
 12480 | D:12     | Found a blossoming altar of Fedhas.
 13029 | D:13     | Noticed Urug
 13046 | D:13     | Killed Urug
 13096 | D:13     | Noticed an eight-headed hydra
 13108 | D:13     | Killed an eight-headed hydra
 13165 | D:13     | Noticed a two-headed ogre
 13172 | D:13     | Killed a two-headed ogre
 13175 | D:13     | Noticed a two-headed ogre
 13181 | D:13     | Killed a two-headed ogre
 13201 | D:13     | Found a gate leading to a gauntlet.
 13210 | Gauntlet | Entered a Gauntlet
 13210 | Gauntlet | Found a transporter.
 13213 | Gauntlet | Found a transporter.
 13215 | Gauntlet | Found a transporter.
 13220 | Gauntlet | Noticed a tengu warrior
 13232 | Gauntlet | Found a transporter.
 13234 | Gauntlet | Found a transporter.
 13236 | Gauntlet | Noticed a dire elephant
 13247 | Gauntlet | Found a transporter.
 13253 | Gauntlet | Found a runed translucent door.
 13260 | Gauntlet | Found a transporter.
 13270 | Gauntlet | Found a transporter.
 13275 | Gauntlet | Found a transporter.
 13275 | Gauntlet | Found a transporter.
 13283 | Gauntlet | Found a runed translucent gate.
 13337 | Gauntlet | Found a transporter.
 13345 | Gauntlet | Found a transporter.
 13374 | Gauntlet | Found a runed translucent gate.
 13377 | Gauntlet | Found a runed translucent gate.
 13377 | Gauntlet | Found a transporter.
 13377 | Gauntlet | Found a transporter.
 13471 | Gauntlet | Killed a tengu warrior
 13488 | Gauntlet | Identified the ring of Ratwab Fius {Fly rC+ Dex+4}
 13545 | Gauntlet | Killed a dire elephant
 13546 | Gauntlet | Reached XP level 13. HP: 103/103 MP: 13/13
 13575 | Gauntlet | Identified the amulet of Cyiz {Faith Regen+ Str+5 Int+3}
 13613 | Gauntlet | Noticed a minotaur
 13628 | Gauntlet | Killed a minotaur
 13629 | Gauntlet | Reached skill level 10 in Fighting
 13714 | D:13     | Reached skill level 14 in Polearms
 14028 | D:13     | Noticed Jorgrun
 14049 | D:13     | Killed Jorgrun
 14050 | D:13     | Reached skill level 1 in Invocations
 14612 | D:14     | Found a sparkling altar of Nemelex Xobeh.
 14956 | D:14     | Found a gate to the Vaults.
 14986 | D:13     | Acquired a +1 pair of boots of flying
 15089 | Lair:1   | Entered Level 1 of the Lair of Beasts
 15137 | Lair:1   | You are sucked into a shaft and drop 1 floor!
 15371 | Lair:2   | Reached ***** piety under Makhleb
 16062 | Lair:1   | You are sucked into a shaft and drop 1 floor!
 16361 | Lair:1   | Reached skill level 10 in Armour
 16844 | Lair:3   | You are sucked into a shaft and drop 1 floor!
 17046 | Lair:3   | Reached skill level 5 in Invocations
 17095 | Lair:3   | Found a staircase to the Swamp.
 17183 | Lair:3   | Gained mutation: You have claws for hands. [demonic
                  | ancestry]
 17183 | Lair:3   | Reached XP level 14. HP: 90/113 MP: 17/17
 17789 | Lair:3   | Found a burning altar of Makhleb.
 17888 | Lair:4   | Found a hole to the Spider Nest.
 18191 | Lair:4   | Reached ****** piety under Makhleb
 19030 | Lair:5   | Found a staircase to the Slime Pits.
 19030 | Lair:5   | Found a viscous altar of Jiyva.
 19558 | Lair:6   | Entered Level 6 of the Lair of Beasts
 20000 | Lair:6   | Reached skill level 15 in Polearms
 20598 | Lair:6   | Gained mutation: Your magical and physical power is
                  | slightly enhanced at high health. [demonic ancestry]
 20598 | Lair:6   | Reached XP level 15. HP: 48/122 MP: 20/20
 20693 | Lair:6   | Identified the +2 leather armour "Vyokaos" {Contam Rampage
                  | Dex+5}
 20828 | Lair:6   | Reached skill level 5 in Dodging
 20828 | Lair:6   | Reached XP level 16. HP: 129/129 MP: 20/22
 21956 | D:14     | Reached skill level 10 in Shields
 22177 | D:15     | Entered Level 15 of the Dungeon
 22463 | D:15     | Found Delyesch's Assorted Antiques.
 22468 | D:15     | Bought a potion of heal wounds for 210 gold pieces
 22468 | D:15     | Bought a potion of curing for 126 gold pieces
 22468 | D:15     | Bought a bubbling ruby potion for 37 gold pieces
 22581 | D:15     | Found a staircase to the Depths.
 22693 | D:15     | Found an iron altar of Okawaru.
 23323 | D:1      | Bought a scroll of acquirement for 624 gold pieces
 23323 | D:1      | Bought a scroll of acquirement for 624 gold pieces
 23323 | D:1      | Bought a scroll of blinking for 90 gold pieces
 23323 | D:1      | Bought a scroll of teleportation for 36 gold pieces
 23325 | D:1      | Acquired 684 gold pieces
 23329 | D:1      | Acquired a +3 vampiric demon trident
 23346 | D:1      | Bought a scroll of identify for 24 gold pieces
 23346 | D:1      | Bought a scroll of identify for 24 gold pieces
 23595 | Orc:1    | Entered Level 1 of the Orcish Mines
 23655 | Orc:1    | Found Hiuro's Antique Armour Shop.
 23875 | Orc:2    | Entered Level 2 of the Orcish Mines
 23883 | Orc:1    | Found Hiant's Jewellery Emporium.
 23907 | Orc:1    | Noticed Josephine
 23922 | Orc:1    | Killed Josephine
 24285 | Orc:2    | Found a staircase to the Elven Halls.
 24633 | Orc:2    | Gained mutation: Armour fits poorly on your strangely
                  | shaped body. [a neqoxec]
 24701 | Orc:2    | Lost mutation: You sometimes lose the ability to read
                  | scrolls when taking damage. [potion of mutation]
 24701 | Orc:2    | Lost mutation: You are agile. (Dex +2) [potion of mutation]
 24701 | Orc:2    | Gained mutation: You tend to lose your temper in combat.
                  | [potion of mutation]
 24701 | Orc:2    | Gained mutation: You have a moderately thin skeletal
                  | structure. (Dex +4, Stealth++) [potion of mutation]
 24702 | Orc:2    | Lost mutation: Armour fits poorly on your strangely shaped
                  | body. [potion of mutation]
 24702 | Orc:2    | Lost mutation: You tend to lose your temper in combat.
                  | [potion of mutation]
 24702 | Orc:2    | Gained mutation: You have sharp toenails. [potion of
                  | mutation]
 24702 | Orc:2    | Gained mutation: You sometimes lose the ability to read
                  | scrolls when taking damage. [potion of mutation]
 24702 | Orc:2    | Gained mutation: You are partially covered in large bone
                  | plates. (SH +4) [potion of mutation]
 24725 | Orc:2    | Found Mipod's Antique Weapon Emporium.
 24725 | Orc:2    | Found Viast's Antique Weapon Emporium.
 24726 | Orc:2    | Found Toobuagg's Magic Scroll Emporium.
 24726 | Orc:2    | Found Pirocoso's Antique Armour Shoppe.
 24736 | Orc:2    | Bought a scroll of teleportation for 36 gold pieces
 24736 | Orc:2    | Bought a scroll of teleportation for 36 gold pieces
 24736 | Orc:2    | Bought a scroll of identify for 24 gold pieces
 24736 | Orc:2    | Bought a scroll of identify for 24 gold pieces
 24740 | Orc:2    | Bought a runed helmet for 300 gold pieces
 24740 | Orc:2    | Bought a glowing kite shield for 300 gold pieces
 25147 | Elf:1    | Entered Level 1 of the Elven Halls
 25265 | Elf:1    | Reached skill level 16 in Polearms
 25276 | Elf:1    | Paralysed by an air elemental for 1 turns
 25475 | Elf:1    | Cast into level 3 of the Abyss (a deep elf sorcerer)
 25487 | Abyss:3  | Found a corrupted altar of Lugonu.
 25553 | Abyss:3  | Paralysed by accursed screaming for 1 turns
 25554 | Abyss:3  | Noticed a bone dragon
 25566 | Abyss:3  | Paralysed by accursed screaming for 1 turns
 25572 | Abyss:3  | Killed a bone dragon
 25599 | Abyss:3  | Reached XP level 17. HP: 139/139 MP: 24/24
 25738 | Elf:1    | Escaped the Abyss
 25909 | Elf:1    | Reached skill level 10 in Invocations
 26713 | D:11     | Killed Nuatha's ghost
 27010 | Swamp:1  | Entered Level 1 of the Swamp
 27173 | Spider:1 | Entered Level 1 of the Spider Nest
 28340 | Spider:1 | Found a runed translucent door.
 28341 | Spider:1 | Noticed Sopaderocas's ghost (journeyman HOMo)
 28362 | Spider:1 | Killed Sopaderocas's ghost
 28481 | Spider:2 | Reached skill level 15 in Fighting
 28648 | Spider:2 | You are sucked into a shaft and drop 1 floor!
 28657 | Spider:3 | Noticed Arachne
 28682 | Spider:3 | Noticed Mara
 28828 | Spider:2 | Identified the +7 morningstar of Feujeunlu {holy, rPois
                  | Dex+5}
 29212 | Spider:3 | Noticed Aizul
 29230 | Spider:3 | Killed Aizul
 29265 | Spider:3 | Noticed McKennaii's illusion
 29318 | Spider:3 | Killed Mara
 29319 | Spider:3 | Gained mutation: You are mostly covered in sharp spines.
                  | [demonic ancestry]
 29319 | Spider:3 | Reached XP level 18. HP: 95/149 MP: 26/26
 29506 | Spider:3 | Noticed Roxanne
 29531 | Spider:3 | Killed Roxanne
 29623 | Spider:3 | Killed Arachne
 29915 | Slime:1  | Entered Level 1 of the Pits of Slime
 29990 | Spider:4 | Entered Level 4 of the Spider Nest
 30157 | Spider:4 | Noticed Nikola
 30169 | Spider:4 | Killed Nikola
 30170 | Spider:4 | Reached skill level 17 in Polearms
 30805 | Spider:4 | Got a gossamer rune of Zot
 32569 | Swamp:3  | Noticed Donald
 32578 | Swamp:3  | Killed Donald
 32801 | Swamp:3  | Reached XP level 19. HP: 157/158 MP: 28/28
 32947 | Swamp:4  | Entered Level 4 of the Swamp
 33032 | Swamp:4  | Paralysed by a fenstrider witch for 4 turns
 33036 | Swamp:4  | Succumbed to a fenstrider witch's toxic sludge

Illustrated notes

Levels and vault maps discovered:
D:1:      dpeg_arrival_short_road, layout_basic,
          hellmonk_ecumenical_altar_inner_sanctum, serial_shops, shop
D:2:      layout_rooms, basic_altar, uniq_jessica
D:3:      layout_rooms, general_overflow_altar, st_stairs_10
D:4:      layout_loops_cross, lemuel_doored_altar, uniq_eustachio
D:5:      layout_loops_corners, nicolae_kikubaaqudgha_miasma_corner,
          st_stairs_14, chequers_serial_rivers_small_3
D:6:      layout_gridville, kennysheep_ying_yang, uniq_grinder,
          uniq_blork_the_orc
D:7:      layout_basic, vehumet_altar_wand_db, trog_book,
          mainiacjoe_overflow_alcove_2, mainiacjoe_overflow_big_doors,
          minmay_temple_entry_overgrown, uniq_prince_ribbit1, uniq_menkaure,
          uniq_crazy_yiuf_cottage
D:8:      minmay_the_grid_triangle_9x9_rhombus_full
          [minmay_the_grid_triangle_9x9_impossible_snake,
          minmay_the_grid_triangle_9x9_sparse_checkered,
          minmay_the_grid_triangle_9x9_swiss_cheese,
          minmay_the_grid_triangle_9x9_pentomino_pain,
          minmay_the_grid_triangle_9x9_stretched_checkered,
          minmay_the_grid_triangle_9x9_corruption,
          minmay_the_grid_triangle_9x9_corrupted_corridor,
          minmay_the_grid_triangle_9x9_prize_insulated], layout_loops_ring,
          nicolae_ru_path_of_blood, makhleb_grotto_becter, uniq_maurice
D:9:      layout_basic, corexii_corridor_pit, uniq_erica, uniq_psyche
D:10:     layout_basic, nicolae_hepliaklqana_hazy_memory, enter_trove_5,
          serial_bayou, serial_bayou_lagoon_a, serial_bayou_shore_b,
          serial_bayou_shore_b, serial_bayou_crossing
D:11:     layout_loops_cross, lair_entry_dummy, zombieorc2_lemuel,
          ebering_ghost_inner_flame, enter_bailey_3, nicolae_wand_duel,
          chequers_serial_rivers_micro_e, hangedman_decor_growths, minivault_8
D:12:     layout_grid_maze, chequers_decorated_corner,
          fedhas_bush_and_centaur_altar
D:13:     layout_basic, gauntlet_entry_generic, uniq_jorgrun, uniq_urug
D:14:     layout_roguey, david_vaults_1, nemelex_spade_bored_becter
D:15:     grunt_enter_depths_magical_seal, layout_loops_ring, serial_shops,
          nicolae_shop_trees, okawaru_ov_weapons_minmay
Temple:   jpeg_temple_island
Lair:1:   layout_roguey [special_room_bee]
Lair:2:   layout_regular_city, serial_bayou, serial_bayou_lagoon_b,
          serial_bayou_pond_e, serial_bayou_pond_c, serial_bayou_pond_e,
          infiniplex_staircase_pool_2
Lair:3:   layout_gridlike, minmay_swamp_entry_eels, lemuel_centaur_altar,
          grunt_megastairs_5, lemuel_fruit_tree, lemuel_fruit_fields,
          minmay_lair_oklob_chamber
Lair:4:   layout_roguey, dummy_spider_entry, grunt_megastairs_4
Lair:5:   layout_cave_pods, slime_altar_1, chequers_serial_rivers_micro_e
Lair:6:   due_jungle_book, layout_concentric_octagons, serial_bayou_ford_a,
          st_stairs_9, grunt_megastairs_2, lemuel_fruit_fields
Swamp:1:  layout_basic_swamp, hangedman_swamp_ruin_hall, swamp_pool2
Swamp:2:  layout_basic_swamp, evilmike_swamp_ruin_house_4, swamp_pool1
Swamp:3:  layout_basic_swamp, serial_swamp_ruin, evilmike_swamp_ruin_house_1,
          evilmike_swamp_ruin_rubble_2, infiniplex_staircase_pool, uniq_donald
Swamp:4:  nzn_swamp_witches_coven, layout_basic_swamp, swamp_pool2
Spider:1: layout_chambers, gammafunk_ghost_grave
Spider:2: layout_spider_delve, nicolae_spider_circle_web
Spider:3: layout_spider_delve, hangedman_spider_tarantella_strand, uniq_mara,
          uniq_arachne, uniq_aizul, uniq_roxanne
Spider:4: grunt_spider_rune_circles, uniq_nikola
Slime:1:  layout_caves, cheibrodos_slime_lost_civilization_5
Orc:1:    layout_caves, serial_shops, shop, minmay_shop_enchanted_jewellery,
          uniq_josephine
Orc:2:    st_orc_pillars, layout_caves
Elf:1:    elf_arrival_001, layout_onion_city, hangedman_elf_disciples

Skill      XL: |  1  2  3  4  5  6  7  8  9 10 11 12 13 14 15 16 17 18 |
---------------+-------------------------------------------------------+-----
Polearms       | 2 3 5 6 8 9 11 12 13 14 15 16 17 | 17.6
Fighting       | 4 5 7 8 9 11 12 14 15 16 | 16.5
Shields        | 3 4 5 6 7 8 9 10 11 12 | 12.5
Armour         | 3 4 5 6 8 9 10 11 12 13 | 13.6
Dodging        | 1 2 3 4 5 |  5.8
Stealth        | 2 3 |  3.9
Evocations     | 1 |  1.9
Invocations    | 5 7 8 9 11 12 | 12.5

Action                   |  1- 3 |  4- 6 |  7- 9 | 10-12 | 13-15 | 16-18 | 19-21 || total
-------------------------+-------+-------+-------+-------+-------+-------+-------++-------
Melee: Trident           |   126 |   245 |   240 |   809 |  1181 |   364 |       ||  2965
       Demon trident     |       |       |       |       |       |  1461 |    63 ||  1524
Invok: Lesser Servant of |       |       |       |       |       |    15 |       ||    15
       Greater Servant o |       |       |       |       |       |    11 |     1 ||    12
Evoke: Wand              |       |       |       |    11 |       |       |       ||    11
  Use: Potion            |       |       |       |    14 |     2 |    12 |       ||    28
       Scroll            |       |       |       |     7 |     6 |    16 |       ||    29
 Stab: Petrified         |       |       |       |     3 |       |       |       ||     3
       Distracted        |       |       |       |     1 |       |     7 |     1 ||     9
       Petrifying        |       |       |       |     1 |       |       |       ||     1
Armor: Scale mail        |    54 |   106 |       |       |       |       |       ||   160
       Chain mail        |       |    53 |    88 |       |       |       |       ||   141
       Plate armour      |       |       |     3 |   328 |   446 |   531 |    16 ||  1324
Dodge: Dodged            |    32 |    94 |    75 |   214 |   319 |   444 |    10 ||  1188
Block: Kite shield       |    61 |   148 |   109 |   384 |   652 |  1113 |    24 ||  2491
